 Dungeon Crawl Stone Soup version 0.17.1-3-g152610e (webtiles) character file.

2072 lyrx the Cleaver (level 9, -2/71 HPs)
             Began as a Hill Orc Berserker on Mar 8, 2016.
             Was an Elder of Trog.
             Slain by an orc warrior
             ... wielding a +0 glaive
              (19 damage)
             ... on level 7 of the Dungeon.
             The game lasted 00:28:17 (5895 turns).

lyrx the Cleaver (Hill Orc Berserker)               Turns: 5895, Time: 00:28:18

Health: -2/71      AC:  9    Str: 23    XL:     9   Next: 26%
Magic:  0/8        EV: 11    Int:  7    God:    Trog [****..]
Gold:   453        SH:  0    Dex: 10    Spells: 0 memorised, 8 levels left

rFire  + . .     SeeInvis .     a - +0 hand axe
rCold  x . .     Clarity  .     l - +0 ring mail
rNeg   . . .     SustAt   .     (no shield)
rPois  .         Gourm    .     (no helmet)
rElec  .         Spirit   +     C - +0 cloak
rCorr  .         Warding  .     m - +1 pair of gloves
rMut   .         Rnd*Tele +     (no boots)
MR     .....                    s - amulet of guardian spirit
Stlth  ..........               o - ring of fire
                                q - ring of teleportation

@: exhausted, not resistant to hostile enchantments, extremely unstealthy
A: slimy green scales 1, deformed body, low mp 1, subdued magic 1
a: Berserk, Trog's Hand, Brothers in Arms, Burn Spellbooks, Renounce Religion,
Evoke Teleportation


You were on level 7 of the Dungeon.
You worshipped Trog.
Trog was greatly pleased with you.
You were not hungry.

You visited 2 branches of the dungeon, and saw 8 of its levels.
You also visited: Sewer.

You collected 453 gold pieces.

Inventory:

Hand Weapons
 a - a +0 hand axe (weapon)
Armour
 l - a +0 ring mail (worn)
 m - a +1 pair of gloves (worn)
 v - a +1 leather armour of cold resistance
 C - a +0 cloak (worn)
Jewellery
 e - an uncursed amulet of resist mutation {unknown}
 f - an uncursed ring of stealth
 o - a ring of fire (right hand)
 q - a ring of teleportation (left hand)
 s - an amulet of guardian spirit (around neck)
Wands
 n - a wand of cold (5)
 u - a wand of fireball (4)
 w - a wand of teleportation (5)
 x - a wand of fire (11)
Scrolls
 d - 4 scrolls of recharging
 g - 3 scrolls of teleportation
 i - 8 scrolls of identify
 k - 5 scrolls of remove curse
 t - a scroll of enchant armour
Potions
 h - 5 potions of curing
 j - a potion of flight
 z - a potion of agility
Comestibles
 b - 3 chunks of flesh
 c - 4 bread rations
 p - a beef jerky
 r - 4 meat rations


   Skills:
 - Level 4.0 Fighting
 * Level 14.1 Axes
 - Level 5.0 Armour
 - Level 2.0 Dodging


You had 8 spell levels left.
You didn't know any spells.

Dungeon Overview and Level Annotations

Branches:
Dungeon (7/15)             Temple (1/1) D:6

Altars:
Ashenzari
Cheibriados
Dithmenos
Elyvilon
Fedhas
Gozag
Kikubaaqudgha
Makhleb
Nemelex Xobeh
Okawaru
Qazlal
Ru
Sif Muna
Trog
Vehumet
Xom
Yredelemnul
The Shining One

Shops:
D:6 *:


Innate Abilities, Weirdness & Mutations

You are partially covered in slimy green scales (AC +2).
Armour fits poorly on your strangely shaped body.
Your magical capacity is low (-10% MP).
Your spells are a little easier to cast, but a little less powerful.


Message History

The orc wizard is severely wounded.
You hit the orc.
You kill the orc!
Trog accepts your kill.
The orc wizard gestures at you while chanting.
The puff of flame hits you! You resist.
You closely miss the orc wizard.
The orc wizard is severely wounded.
The orc wizard hits you but does no damage.
You hit the orc wizard but do no damage.
The orc wizard is severely wounded.
The orc warrior hits you from afar with a glaive!
* * * LOW HITPOINT WARNING * * *
You hit the orc wizard.
You kill the orc wizard!
Trog accepts your kill.
Trog appreciates your killing of a magic user.
Unknown command.
The orc warrior hits you with a glaive!!
You die...

#####....##+#....##.
#.............#####.
#.............#.....
#....(.....<..+.....
#.............#####.
#.......).#####..##.
####'#....#.........
#.).#....#.........
#.@)+....#.........
#o..#....#..#######
#...#....##'#.....
#...#..............
#...#..............
#########..........
#.......#..........
#.......#....####..
#.......'....# #+


You could see an orc warrior.

Vanquished Creatures
  The ghost of engine7v the Chopper, a novice MiBe of Trog (D:4)
  Duvessa (D:7)
  2 sky beasts
  4 ogres
  The ghost of Bruhd the Ducker, an amateur DsGl (D:3)
  A centaur (D:5)
  A crocodile (Sewer)
  Blork the orc (D:4)
  2 scorpions (D:4)
  Dowan (D:7)
  A centaur zombie (D:5)
  3 crimson imps
  A hound (D:5)
  An iguana (D:7)
  2 orc wizards
  An orc priest (D:6)
  A giant frog skeleton (D:5)
  6 worker ants
  3 hound skeletons
  5 adders
  3 oozes
  4 worms
  8 orcs
  5 bats
  7 giant cockroaches
  10 goblins
  18 hobgoblins
  6 jackals
  9 kobolds
  3 quokkas
  10 giant geckos
  A giant gecko zombie (D:5)
  7 giant newts
  A jackal skeleton (D:7)
  A quokka zombie (D:7)
  4 rats
136 creatures vanquished.

Notes
Turn   | Place    | Note
--------------------------------------------------------------
     0 | D:1      | lyrx the Hill Orc Berserker began the quest for the Orb.
     0 | D:1      | Reached XP level 1. HP: 19/19 MP: 1/1
   112 | D:1      | HP: 1/20 [goblin/dagger of electrocution (2)]
   467 | D:1      | Reached XP level 2. HP: 21/27 MP: 2/2
   771 | D:1      | Reached ** piety under Trog
   792 | D:1      | Reached XP level 3. HP: 24/33 MP: 3/3
  1076 | D:2      | Reached skill level 5 in Axes
  1373 | D:2      | Reached XP level 4. HP: 38/40 MP: 4/4
  2085 | D:3      | Noticed Bruhd's ghost (amateur DsGl)
  2103 | D:3      | Killed Bruhd's ghost
  2103 | D:3      | Reached skill level 6 in Axes
  2103 | D:3      | Reached XP level 5. HP: 29/46 MP: 5/5
  2474 | D:3      | Noticed a sky beast
  2503 | D:3      | Killed a sky beast
  2503 | D:3      | Reached skill level 7 in Axes
  2503 | D:3      | Reached XP level 6. HP: 14/52 MP: 0/6
  2849 | D:3      | Reached *** piety under Trog
  3014 | D:4      | Found a basalt altar of Yredelemnul.
  3055 | D:4      | Found a sparkling altar of Nemelex Xobeh.
  3171 | D:4      | Found a stormy altar of Qazlal.
  3272 | D:4      | Found a glowing drain.
  3299 | Sewer    | Entered a sewer
  3466 | D:4      | Noticed Blork the orc
  3473 | D:4      | Killed Blork the orc
  3473 | D:4      | Reached skill level 8 in Axes
  3473 | D:4      | Reached skill level 5 in Armour
  3473 | D:4      | Reached XP level 7. HP: 59/59 MP: 5/7
  3720 | D:4      | Noticed engine7v's ghost (novice MiBe)
  3750 | D:4      | Killed engine7v's ghost
  3750 | D:4      | Reached skill level 10 in Axes
  3796 | D:4      | Found a white marble altar of Elyvilon.
  3868 | D:4      | Reached XP level 8. HP: 66/66 MP: 6/8
  4069 | D:4      | Gained mutation: You have a pair of small horns on your head. [potion of mutation]
  4069 | D:4      | Gained mutation: Armour fits poorly on your strangely shaped body. [potion of mutation]
  4069 | D:4      | Gained mutation: You are agile. (Dex +2) [potion of mutation]
  4081 | D:5      | Entered Level 5 of the Dungeon
  4161 | D:5      | Reached skill level 11 in Axes
  4700 | D:6      | Reached skill level 12 in Axes
  4764 | D:6      | Found a blossoming altar of Fedhas.
  4782 | D:6      | Reached **** piety under Trog
  4792 | D:6      | Reached skill level 13 in Axes
  4796 | D:6      | Lost mutation: You are agile. (Dex +2) [mutagenic meat]
  4797 | D:6      | Gained mutation: You are partially covered in slimy green scales (AC +2). [mutagenic meat]
  4798 | D:6      | Gained mutation: Your spells are a little easier to cast, but a little less powerful. [mutagenic meat]
  4799 | D:6      | Lost mutation: You have a pair of small horns on your head. [mutagenic meat]
  4801 | D:6      | Gained mutation: Your magical capacity is low (-10% MP). [mutagenic meat]
  4868 | D:6      | Found Esonlit's Off-Brand Ammunition.
  4887 | D:6      | Reached XP level 9. HP: 67/71 MP: 6/8
  5241 | D:6      | Found Ryenaorog's Book Emporium.
  5405 | D:6      | Found a staircase to the Ecumenical Temple.
  5425 | Temple   | Entered the Ecumenical Temple
  5662 | D:7      | Noticed Duvessa
  5663 | D:7      | Noticed Dowan
  5673 | D:7      | Killed Dowan
  5677 | D:7      | Killed Duvessa
  5725 | D:7      | Found a shimmering altar of Xom.
  5725 | D:7      | Found a shimmering altar of Xom.
  5727 | D:7      | Found a shimmering altar of Xom.
  5735 | D:7      | Found a shimmering altar of Xom.
  5840 | D:7      | Reached skill level 14 in Axes
  5895 | D:7      | Slain by an orc warrior

Action                   |  1- 3 |  4- 6 |  7- 9 || total
-------------------------+-------+-------+-------++-------
Melee: Hand axe          |   119 |   195 |   238 ||   552
Invok: Berserk           |     2 |     7 |     6 ||    15
       Trog's Hand       |       |     1 |       ||     1
  Use: Scroll            |       |       |    11 ||    11
       Potion            |       |       |    12 ||    12
 Stab: Sleeping          |     2 |     1 |     2 ||     5
  Eat: Chunk             |     4 |    11 |    12 ||    27
       Fruit             |       |     2 |     6 ||     8
       Bread ration      |       |       |     1 ||     1
